 Dungeon Crawl Stone Soup version 0.16-a0-3807-g3748f16 (webtiles) character file.

182 MrRokkomies the Chucker (level 5, -4/51 HPs)
             Began as an Ogre Hunter on Jan 28, 2015.
             Slain by Menkaure (10 damage)
             ... on level 4 of the Dungeon.
             The game lasted 00:14:04 (4818 turns).

MrRokkomies the Chucker (Ogre Hunter)               Turns: 4818, Time: 00:14:04

Health: -4/51      AC:  5    Str: 16 (17) XL:     5   Next: 62%
Magic:  5/5        EV: 10    Int: 10      God:
Gold:   151        SH:  0    Dex: 11      Spells: 0 memorised, 4 levels left

rFire  . . .     SeeInvis .     a - +2 flail (holy)
rCold  . . .     Clarity  .     j - +2 animal skin
rNeg   . . .     SustAb   .     (shield restricted)
rPois  .         Gourm    .     (helmet restricted)
rElec  .         Spirit   .     (no cloak)
rCorr  .         Warding  .     (gloves unavailable)
rMut   .         Stasis   .     (boots unavailable)
MR     .....                    (no amulet)
Stlth  +.........               (no ring)
                                (no ring)

@: not resistant to hostile enchantments, very unstealthy
A: unfitting armour, hooves 1, frail 1, tough skin 1, placid magic 1
a: no special abilities


You were on level 4 of the Dungeon.
You were not hungry.

You visited 1 branch of the dungeon, and saw 4 of its levels.

You collected 151 gold pieces.

Inventory:

Hand weapons
 a - a +2 flail of holy wrath (weapon)
Missiles
 b - 5 large rocks
 c - 2 throwing nets
 k - 3 tomahawks
 l - 2 tomahawks of returning (quivered)
 n - 45 stones
Armour
 j - a +2 animal skin (worn)
Scrolls
 i - a scroll of amnesia
Comestibles
 f - a meat ration
 g - 3 bread rations
 h - 6 fruits


   Skills:
 * Level 5.0 Fighting
 * Level 2.3 Maces & Flails
 - Level 5.2 Throwing
 + Level 2.8 Dodging
 - Level 0.7 Stealth


You had 4 spell levels left.
You didn't know any spells.

Dungeon Overview and Level Annotations

Branches:
Dungeon (4/15)
 Temple: D:4-7

Altars:
Ashenzari
The Shining One

Annotations:
D:4 Menkaure


Innate Abilities, Weirdness & Mutations

You are too large for most types of armour.
You have tough skin (AC +1).
You have large cloven feet.
You are frail (-10% HP).
Your spells are a little easier to cast, but a little less powerful.


Message History

Menkaure is moderately damaged.
Menkaure casts a spell at you. Pain shoots through your body!
Menkaure calls on the powers of darkness!
Your body is wracked with pain!
* * * LOW HITPOINT WARNING * * *
You hit Menkaure but do no damage.
Menkaure is moderately damaged.
Menkaure hits you.
* * * LOW HITPOINT WARNING * * *
You hit Menkaure.
Menkaure convulses.
Menkaure is almost destroyed.
Menkaure barely misses you.
Menkaure calls on the powers of darkness!
Your body is wracked with pain!
* * * LOW HITPOINT WARNING * * *
You hit Menkaure.
Menkaure convulses.
You kick Menkaure, but do no damage.
Menkaure is almost destroyed.
Menkaure hits you!
You die...

### #.(
#.# #M#
#@#
########.#
#.<......#
#.########
#.# #.#
#<# #.#
#.#


You could see Menkaure.

Vanquished Creatures
  A worker ant (D:2)
  Robin (D:1)
  3 adders
  A giant mite (D:3)
  3 worms
  3 oozes
  A giant gecko (D:2)
  6 orcs
  A giant cockroach (D:1)
  13 goblins
  11 hobgoblins
  6 jackals
  3 quokkas
  2 ball pythons
  8 bats
  7 giant newts
  6 kobolds
  10 rats
86 creatures vanquished.

Notes
Turn   | Place    | Note
--------------------------------------------------------------
     0 | D:1      | MrRokkomies, the Ogre Hunter, began the quest for the Orb.
     0 | D:1      | Reached XP level 1. HP: 22/22 MP: 1/1
   241 | D:1      | Reached XP level 2. HP: 26/31 MP: 2/2
  1265 | D:1      | Reached XP level 3. HP: 26/37 MP: 3/3
  1540 | D:2      | Reached skill level 5 in Throwing
  1542 | D:2      | Noticed Robin
  1818 | D:1      | Killed Robin
  1986 | D:2      | Reached XP level 4. HP: 45/48 MP: 4/4
  2326 | D:2      | Found a shattered altar of Ashenzari.
  2924 | D:2      | Reached skill level 1 in Maces & Flails
  2973 | D:2      | Gained mutation: You have a pair of small horns on your head. [potion of mutation]
  2973 | D:2      | Gained mutation: You are partially covered in large bone plates (AC +2, SH +2). [potion of mutation]
  2973 | D:2      | Gained mutation: You have a beak for a mouth. [potion of mutation]
  2974 | D:2      | Lost mutation: You have a pair of small horns on your head. [potion of cure mutation]
  2974 | D:2      | Lost mutation: You are partially covered in large bone plates (AC +2, SH +2). [potion of cure mutation]
  2974 | D:2      | Lost mutation: You have a beak for a mouth. [potion of cure mutation]
  2986 | D:2      | HP: 2/48 [poisoned by a worker ant]
  3440 | D:2      | Reached XP level 5. HP: 38/55 MP: 5/5
  4456 | D:3      | Found a glowing golden altar of the Shining One.
  4562 | D:3      | Gained mutation: You are frail (-10% HP). [potion of mutation]
  4562 | D:3      | Gained mutation: Your spells are a little easier to cast, but a little less powerful. [potion of mutation]
  4562 | D:3      | Gained mutation: You have large cloven feet. [potion of mutation]
  4603 | D:3      | Reached skill level 5 in Fighting
  4810 | D:4      | Noticed Menkaure
  4818 | D:4      | Slain by Menkaure

Action                   |  1- 3 |  4- 6 || total
-------------------------+-------+-------++-------
Melee: Short sword       |   190 |   243 ||   433
       Flail             |       |     6 ||     6
Throw: Stone             |     7 |    18 ||    25
       Large rock        |       |     7 ||     7
       Tomahawk          |       |    15 ||    15
       Throwing net      |       |     1 ||     1
  Use: Scroll            |     3 |     8 ||    11
       Potion            |       |     6 ||     6
 Stab: Invisible         |       |     1 ||     1
  Eat: Chunk             |     4 |     9 ||    13
